 Dungeon Crawl Stone Soup version 0.24.0-2-g5b39cebb1c (webtiles) character file.

Game seed: 1574752357634083662, levelgen mode: deterministic

37 Katsumi the Skirmisher (level 3, 0/17 HPs)
             Began as a Felid Transmuter on Oct 29, 2019.
             Slain by a worm (10 damage)
             ... on level 2 of the Dungeon.
             The game lasted 00:01:33 (2106 turns).

Katsumi the Skirmisher (Felid Transmuter)           Turns: 2106, Time: 00:01:34

Health: 0/17       AC:  1    Str:  6    XL:     3   Next: 21%
Magic:  7/7        EV: 18    Int: 15    God:
Gold:   135        SH:  0    Dex: 16    Spells: 3/6 levels left
                                        Lives:  0   Deaths: 0

rFire    . . .     SeeInvis +     - Unarmed
rCold    . . .     Gourm    .   (shield unavailable)
rNeg     . . .     Faith    .   (armour unavailable)
rPois    .         Spirit   .   (helmet unavailable)
rElec    .         Reflect  .   (cloak unavailable)
rCorr    .         Harm     .   (gloves unavailable)
MR       .....                  (boots unavailable)
Stlth    +++.......             (no amulet)
HPRegen  0.05/turn              i - ring of stealth
MPRegen  0.10/turn              (no ring)

@: appendage (expiring), quick
A: very small, no armour, no weapons or thrown items, stealth, claws 1, fangs 3,
horns 2, see invisible, carnivore, speed 1, shaggy fur 1, slow metabolism 1,
sharp paws
a: End Transformation


You were on level 2 of the Dungeon.
You were not hungry.
You had grown temporary horns.
You visited 1 branch of the dungeon, and saw 2 of its levels.

You collected 135 gold pieces.

Inventory:

Missiles
 a - 12 arrows
Jewellery
 i - a ring of stealth (left paw)
Scrolls
 b - a scroll of fear {unknown}
 d - a scroll of identify {unknown}
 e - a scroll of remove curse
 g - a scroll of enchant weapon {unknown}
Potions
 f - a potion of might {unknown}
 h - a potion of brilliance {unknown}
Comestibles
 c - 2 rations


   Skills:
 - Level 3.1 Fighting
 - Level 2.6 Dodging
 - Level 3.0 Unarmed Combat
 - Level 2.0 Spellcasting
 + Level 2.4 Transmutations


You had 3 spell levels left.
You knew the following spells:

 Your Spells              Type           Power        Failure   Level  Hunger
a - Beastly Appendage     Tmut           #.....       9%          1    #......
b - Sticks to Snakes      Tmut           #.......     13%         2    ###....

Your spell library contained the following spells:

 Spells                   Type           Power        Failure   Level  Hunger
 Spider Form              Tmut/Pois      #.........   38%         3    ###....
 Ice Form                 Ice/Tmut       #.......     80%         4    #####..
 Blade Hands              Tmut           #.........   93%         5    ######.


Dungeon Overview and Level Annotations

Branches:
Dungeon (2/15)

Altars:
Nemelex Xobeh


Innate Abilities, Weirdness & Mutations

You cannot wear armour.
You are incapable of wielding weapons or throwing items.
Your paws allow you to move quietly. (Stealth)
You have sharp claws.
You have razor-sharp teeth.
You have supernaturally acute eyesight. (SInv)
You are carnivorous and can eat meat at any time.
You cover ground quickly.
You are covered in fur. (AC +1)
You have a slow metabolism.
Your sharp claws are effective at attacking unaware monsters.
You have a pair of horns on your head.


Message History

The worm barely misses you.
You barely miss the worm. You headbutt the worm.
The worm is moderately wounded.
The hobgoblin misses you. The worm barely misses you.
You scratch the worm. Your headbutt misses the worm.
You bite the worm, but do no damage.
The worm is heavily wounded.
The hobgoblin hits you.
You scratch the worm. Your headbutt misses the worm.
The worm is severely wounded.
The worm barely misses you.
You scratch the worm.
The worm is almost dead.
The hobgoblin hits you.
You scratch the worm but do no damage.
The worm is almost dead.
The hobgoblin hits you but does no damage.
The worm bites you!
Ouch! That really hurt!
You die...

#####.#.##############.##
#.......)..# #.....)....#
#..........###..........#
#...........##..........#
#.......................#
#..%....................#
##.......##.............#
#.......w....########.##
#......@########### #.#
#.....)g# #.......# #.#
#!......# #.#####.###.#
#%.......(#.# ##...<.##
####......#.# #........
#......#.# #........
#......#.# #........
#......#.# #.)....<.
#.####........


You could see a worm and a hobgoblin.

Vanquished Creatures
  An adder (D:2)
  A worm (D:2)
  A dart slug (D:1)
  A leopard gecko (D:2)
  2 bats
  A giant cockroach (D:1)
  6 goblins
  A hobgoblin (D:1)
  2 kobolds (D:2)
  5 rats
21 creatures vanquished.

Notes
Turn   | Place    | Note
-------+----------+-------------------------------------------
     0 | D:1      | Katsumi the Felid Transmuter began the quest for the Orb.
     0 | D:1      | Reached XP level 1. HP: 9/9 MP: 4/4
   752 | D:1      | Reached XP level 2. HP: 12/13 MP: 4/6
  1210 | D:2      | Learned a level 2 spell: Sticks to Snakes
  1229 | D:2      | Reached XP level 3. HP: 9/17 MP: 0/7
  1500 | D:2      | Found a sparkling altar of Nemelex Xobeh.
  2106 | D:2      | Slain by a worm

Levels and vault maps discovered:
D:1:      sevenhm_arrival_forest_fort_small_3, layout_basic
D:2:      layout_basic, nemelex_xobeh_ov_fountains_minmay

Skill      XL: |  1  2 |
---------------+-------+-----
Fighting       | 2 3 |  3.1
Dodging        | |  2.6
Unarmed Combat | |  3.0
Spellcasting   | |  2.0
Transmutations | |  2.4

Action                   || total
-------------------------++-------
Melee: Unarmed           ||    74
       Headbutt          ||     9
       Bite              ||     8
       Punch             ||     1
 Cast: Beastly Appendage ||    21
  Use: Scroll            ||     1
 Stab: Sleeping          ||     6
  Eat: Chunk             ||     4
Armor: Skin              ||     1
Dodge: Dodged            ||    46
